Map: Dusk Towers

Players

Elazer - Winner!

  • Race: Zerg Zerg
  • League: Grandmaster

AcerBly (Bly)

  • Race: Zerg Zerg
  • League: Grandmaster

Event: 2016 WCS Winter Circuit Championship

VOD

Have the link to the VOD?

Description

Time

  • Played on: March 3, 2016, 5:45 a.m.
  • Length: 7:15

All games in this series

Show
View Real Time Build Order
Export as new Build Order

Elazer Zerg - Winner!

Build Orders: Hatch First 

Get SALT Encoding   

  12  0:00  Drone  
  13  0:12  Overlord  
  13  0:17  Drone  
  14  0:31  Drone x2  
  14  0:34  Drone  
  17  0:52  Hatchery  
  16  1:03  Spawning Pool  
  15  1:07  Drone  
  15  1:11  Extractor  
  15  1:12  Drone  
  15  1:16  Drone  
  17  1:20  Drone  
  18  1:31  Drone  
  19  1:40  Overlord  
  19  1:50  Queen  
  19  1:51  Zergling x2  
  22  1:58  Baneling Nest  
  21  2:01  Drone  
  21  2:04  Queen  
  21  2:06  Zergling x2  
  25  2:14  Drone  
  25  2:15  Drone  
  27  2:29  Drone  
  28  2:32  Drone  
  28  2:33  Drone  
  28  2:36  Drone  
  31  2:44  Drone  
  31  2:47  Drone  
  33  2:56  Hatchery  
  33  2:58  Overlord  
  32  2:59  Drone x2  
  34  3:06  Drone  
  34  3:14  Drone  
  34  3:18  Roach Warren  
  34  3:24  Drone x3, Overlord  
  34  3:27  Queen  
  37  3:29  Baneling  
  39  3:35  Zergling x6  
  39  3:37  Drone  
  39  3:38  Drone  
  42  3:49  Drone x2  
  42  3:50  Drone x2  
  42  3:53  Drone  
  42  3:55  Drone x2  
  47  4:02  Roach x2  
  51  4:08  Overlord  
  50  4:13  Extractor  
  50  4:14  Roach  
  50  4:15  Roach x2  
  50  4:17  Metabolic Boost  
  55  4:23  Overlord  
  55  4:28  Roach x3  
  61  4:32  Roach  
  61  4:33  Overlord  
  61  4:36  Overlord  
  63  4:42  Overlord  
  63  4:44  Roach  
  65  4:48  Roach x2  
  65  4:51  Overlord  
  69  4:54  Roach  
  69  4:58  Roach  
  73  5:01  Roach  
  75  5:07  Extractor, Roach  
  75  5:10  Roach  
  78  5:15  Roach  
  78  5:17  Zergling x2  
  78  5:18  Zergling x10  
  87  5:22  Zergling x4  
  87  5:25  Zergling x4  
  91  5:29  Zergling x2  
  91  5:30  Zergling x4  
  91  5:34  Zergling x4  
  96  5:37  Overlord, Ravager  
  96  5:40  Zergling x2  
  98  5:43  Overlord  
  97  5:57  Ravager x2  
  97  5:58  Zergling x16  
  100  6:06  Zergling x10  
  98  6:14  Zergling x8  
  98  6:24  Roach x4  
  102  6:28  Zergling x2  
  102  6:29  Zergling x4  
  102  6:31  Ravager  
  95  6:40  Zergling x12  
  95  6:43  Ravager  
  98  6:51  Roach x4  
Show
View Real Time Build Order
Export as new Build Order

AcerBly Zerg 

Build Orders: Hatch First 

Get SALT Encoding   

  12  0:00  Drone  
  13  0:12  Overlord  
  13  0:17  Drone  
  14  0:30  Drone x2  
  14  0:35  Drone  
  17  0:52  Hatchery  
  17  0:56  Drone  
  17  0:57  Drone  
  17  1:02  Extractor  
  17  1:12  Spawning Pool  
  17  1:17  Drone  
  17  1:20  Drone  
  18  1:32  Drone  
  19  1:41  Overlord  
  19  1:51  Drone  
  20  2:00  Queen  
  20  2:01  Zergling x2  
  23  2:03  Metabolic Boost  
  23  2:05  Queen  
  23  2:06  Drone  
  26  2:12  Drone  
  27  2:19  Drone  
  27  2:21  Drone  
  29  2:26  Drone  
  30  2:34  Drone  
  31  2:41  Drone  
  32  2:47  Zergling x2  
  32  2:48  Zergling x2  
  34  2:54  Overlord  
  33  3:03  Hatchery  
  32  3:11  Zergling x6  
  35  3:19  Zergling x6  
  38  3:22  Drone x3  
  38  3:25  Roach Warren  
  40  3:30  Overlord  
  40  3:31  Drone  
  41  3:36  Drone  
  38  3:56  Drone x2  
  38  3:57  Drone x3  
  42  4:04  Drone x3  
  42  4:09  Drone x2  
  46  4:13  Extractor  
  46  4:14  Extractor, Lair  
  46  4:15  Roach x4  
  52  4:23  Queen  
  54  4:26  Roach x2  
  57  4:32  Extractor  
  57  4:34  Drone  
  57  4:36  Overlord  
  57  4:42  Overlord  
  57  4:52  Overlord  
  57  4:56  Ravager x3  
  57  4:58  Drone x3  
  57  4:59  Drone x2  
  65  5:01  Ravager  
  65  5:06  Drone x5  
  65  5:07  Drone  
  72  5:11  Overlord  
  72  5:21  Spire  
  72  5:26  Roach  
  72  5:27  Overlord x2  
  73  5:31  Roach x4  
  81  5:40  Overlord  
  81  5:45  Spine Crawler  
  81  5:46  Spine Crawler  
  81  5:47  Roach x3  
  81  5:49  Ravager  
  79  6:05  Zergling x2  
  79  6:06  Zergling x10  
  79  6:11  Roach x5  
  84  6:12  Zergling x4  
  68  6:24  Roach x3  
  54  6:32  Roach  
  54  6:33  Roach  
  48  6:41  Roach  
  44  6:50  Roach x2  
  46  6:58  Ravager  
Tags
 
Add a new tag
Caveats
  • Supply blocks, unpowered buildings, or Contaminate may cause inaccurate times.
  • Supply counts are checked every 10 seconds.